 Dungeon Crawl Stone Soup version 0.29.1-14-g9c671dbff4 (webtiles) character file.

Game seed: 897109661308744534

79 Barneous the Charlatan (level 4, -1/35 HPs)
             Began as a Human Wanderer on Feb 16, 2023.
             Slain by a frilled lizard (2 damage)
             ... in a sewer.
             The game lasted 00:09:17 (2275 turns).

Barneous the Charlatan (Human Wanderer)             Turns: 2275, Time: 00:09:17

Health: -1/35      AC:  3    Str:  8 (11) XL:     4   Next: 64%
Magic:  3/6        EV: 11    Int: 13 (15) God:
Gold:   64         SH:  0    Dex: 12 (13) Spells: 4/5 levels left

rFire   . . .      SeeInvis .   h - +0 short sword
rCold   . . .      Faith    .   (no shield)
rNeg    . . .      Spirit   .   d - +0 robe
rPois   .          Reflect  .   (no helmet)
rElec   .          Harm     .   (no cloak)
rCorr   +          Rampage  .   (no gloves)
Will    .....                   g - +0 pair of boots
Stlth   ++........              (no amulet)
HPRegen 0.11/turn               j - ring of resist corrosion
MPRegen 0.10/turn               (no ring)

@: mighty
A: no striking features
a: no special abilities


You were in a sewer.
You visited 1 branch of the dungeon, and saw 3 of its levels.
You also visited: Sewer.

You collected 64 gold pieces.

Inventory:

Hand Weapons
 h - a +0 short sword (weapon)
Armour
 c - a +0 helmet
 d - a +0 robe (worn)
 g - a +0 pair of boots (worn)
Jewellery
 j - a ring of resist corrosion (left hand)
Wands
 a - a wand of charming (9)
 e - a wand of acid (3)
Scrolls
 b - a scroll of butterflies
 f - a scroll of amnesia


   Skills:
 + Level 3.3 Fighting
 + Level 1.1 Short Blades
 + Level 1.9 Armour
 + Level 1.2 Stealth
 + Level 1.4 Spellcasting
 + Level 2.4 Poison Magic
 + Level 3.3 Evocations


You had 4 spell levels left.
You knew the following spells:

 Your Spells              Type           Power      Damage    Failure   Level
a - Sting                 Tmut/Pois      16%        1d3       17%         1

Your spell library contained the following spells:

 Spells                   Type           Power      Damage    Failure   Level
 Ensorcelled Hibernation  Hex/Ice        0%         N/A       38%         2
 Spider Form              Tmut/Pois      4%         N/A       45%         3
 Mephitic Cloud           Conj/Pois/Air  3%         N/A       50%         3
 Anguish                  Hex/Necr       0%         N/A       95%         4


Dungeon Overview and Level Annotations

Branches:
Dungeon (3/15)              Sewer (1/1)

Altars:

Shops:
D:1 =


Message History

You hit the adder but do no damage.
The adder is almost dead.
The adder bites you.
The frilled lizard bites you but does no damage.
The endoplasm freezes you.
You are frozen.
The adder barely misses you.
You closely miss the adder.
The adder is almost dead.
The frilled lizard bites you but does no damage.
The adder barely misses you.
The endoplasm splashes around in the water.
You closely miss the adder.
The adder is almost dead.
The adder misses you. The frilled lizard closely misses you.
The endoplasm freezes you.
You are frozen.
Aiming: Sting (safe; 17% risk of failure)
Press: ? - help, Q - select action, (/) - cycle Shift-Dir - straight line, f - adder, p - frilled lizard
Aim: an adder (almost dead, 43% to hit)
The sting hits the adder but does no damage.
The adder is poisoned.
The adder is almost dead.
The adder bites you but does no damage.
The frilled lizard bites you but does no damage.
The endoplasm hits you.
* * * LOW HITPOINT WARNING * * *
The adder bites you but does no damage.
You feel very mighty all of a sudden.
The frilled lizard bites you but does no damage.
The endoplasm splashes around in the water.
The adder bites you.
* * * LOW HITPOINT WARNING * * *
Unknown command.
You puncture the adder!
You kill the adder!
The frilled lizard bites you.
* * * LOW HITPOINT WARNING * * *
The endoplasm hits you but does no damage.
You completely miss the endoplasm. The frilled lizard bites you.
You die...

#~~#.~#
#~~#~##
#~~#~#
#.~#~#
#.~#~#
#~~#~###
#.~#~~~#
##.##~~#
#÷~#@l#
#∩.#†J~#
#..##~.#
##.~#~~.#
#~~#~~~~#
##∩##~~.~~
### #.~~.~
#~~~~


You could see an endoplasm and a frilled lizard.

Vanquished Creatures
  Robin (D:3)
  3 adders
  An orc (D:3)
  9 ball pythons
  An endoplasm (Sewer)
  4 giant cockroaches
  6 goblins
  A hobgoblin (D:2)
  A quokka (Sewer)
  3 bats
  5 frilled lizards
  3 kobolds
  4 rats
42 creatures vanquished.

Vanquished Creatures (others)
  2 fungi (D:3)
2 creatures vanquished.

Grand Total: 44 creatures vanquished

Notes
Turn   | Place    | Note
-------+----------+-------------------------------------------
     0 | D:1      | Barneous the Human Wanderer began the quest for the Orb.
     0 | D:1      | Barneous set off with the following items: a +0 dagger, a
                  | scroll of butterflies, a potion of invisibility, a +0 robe,
                  | a wand of acid (3); and the following spell memorised:
                  | Sting; and the following spells available to memorise:
                  | Mephitic Cloud.
     0 | D:1      | Reached XP level 1. HP: 18/18 MP: 2/2
   329 | D:1      | Found Effaif's Jewellery Emporium.
   351 | D:1      | Reached XP level 2. HP: 24/24 MP: 0/3
  1020 | D:2      | Reached XP level 3. HP: 19/29 MP: 2/4
  1483 | D:2      | Noticed Robin
  1500 | D:3      | Killed Robin
  1506 | D:3      | HP: 1/29 [goblin/+0 club (4)]
  1826 | D:3      | Found a glowing drain.
  1856 | D:3      | Reached XP level 4. HP: 19/35 MP: 3/5
  1860 | D:3      | Reached skill level 1 in Short Blades
  1860 | D:3      | Reached skill level 1 in Stealth
  1881 | Sewer    | Entered a sewer
  2274 | Sewer    | HP: 1/35 [frilled lizard (3)]
  2275 | Sewer    | Slain by a frilled lizard

Illustrated notes

Levels and vault maps discovered:
D:1:      kilobyte_arrival_exit_the_forest, layout_loops_ring, serial_shops,
          shop_statue
D:2:      layout_loops_ring, shapermc_ecumenical_altar_mp_vishouse,
          minmay_misc_feat_encased, uniq_robin
D:3:      minmay_evil_eye, layout_basic, mainiacjoe_overflow_boulevard,
          gup_sewer_entry_glass
Sewer:    sewer_frog_island_02

Skill      XL: |  1  2  3  4 |
---------------+-------------+-----
Short Blades   | 1 |  1.1
Stealth        | 1 |  1.2
Fighting       | |  3.3
Armour         | |  1.9
Spellcasting   | |  1.4
Poison Magic   | |  2.4
Evocations     | |  3.3

Action                   |  1- 3 |  4- 6 || total
-------------------------+-------+-------++-------
Melee: Dagger            |    49 |       ||    49
       Short sword       |    36 |    42 ||    78
 Cast: Sting             |    23 |    12 ||    35
  Use: Scroll            |     7 |       ||     7
       Potion            |     5 |     1 ||     6
 Stab: Sleeping          |     3 |       ||     3
       Invisible         |     5 |       ||     5
Armor: Robe              |    30 |    26 ||    56
Dodge: Dodged            |    68 |    41 ||   109
